 Dungeon Crawl Stone Soup version 0.31.0-11-ge490571c62 (webtiles) character file.

Game seed: 12124686565261015470

7957 hawla the Mimic (level 11, -7/57 HPs)
             Began as a Deep Elf Fire Elementalist on Feb 9, 2024.
             Was a Follower of Vehumet.
             Killed from afar by an oklob plant (13 damage)
             ... with a splash of acid
             ... on level 10 of the Dungeon.
             The game lasted 00:32:39 (11348 turns).

hawla the Mimic (Deep Elf Fire Elementalist)       Turns: 11348, Time: 00:32:39

Health: -7/57      AC: -5    Str:  5    XL:     11   Next: 3%
Magic:  15/26      EV: 19    Int: 27    God:    Vehumet [*.....]
Gold:   174        SH:  0    Dex: 15    Spells: 8/28 levels left

rFire   . . .        B - +0 quarterstaff
rCold   . . .        (shield currently unavailable)
rNeg    . . .        A - melded +0 steam dragon scales
rPois   .            (no helmet)
rElec   .            b - +0 cloak
rCorr   +            (no gloves)
SInv    .            D - +0 pair of boots
Will    +....        n - amulet of reflection
Stlth   +            z - ring of resist corrosion
HPRegen 0.29/turn    d - ring "Wupor" {EV+5 Int+2}
MPRegen 0.20/turn

%: reflection
@: confused, maw-form, corroded, invisible
A: devouring maw
a: Begin Untransformation, Renounce Religion


You were on level 10 of the Dungeon.
You worshipped Vehumet.
Vehumet was aware of your devotion.
You were a creature with a mouth for a stomach.
You visited 2 branches of the dungeon, and saw 11 of its levels.

You collected 557 gold pieces.
You spent 383 gold pieces at shops.

Inventory:

Hand Weapons
 B - a +0 quarterstaff (weapon)
Armour
 b - a +0 cloak (worn)
 A - +0 steam dragon scales (melded)
 D - a +0 pair of boots (worn)
Magical Staves
 G - a staff of fire
Jewellery
 d - the ring "Wupor" (right hand) {EV+5 Int+2}
   (You acquired it on level 8 of the Dungeon)

   [ring of evasion]

   EV+5:      It affects your evasion (+5).
   Int+2:     It affects your intelligence (+2).
 h - a +4 ring of slaying
 m - a +4 ring of slaying
 n - an amulet of reflection (around neck)
 v - a ring of wizardry
 y - a ring of ice
 z - a ring of resist corrosion (left hand)
Talismans
 f - a maw talisman (active)
Wands
 j - a wand of polymorph (4)
 o - a wand of mindburst (6)
 p - a wand of flame (7)
 s - a wand of paralysis (6)
 t - a wand of roots (7)
 F - a wand of digging (9)
Scrolls
 a - a scroll of teleportation
 c - 4 scrolls of identify
 l - a scroll of fog
 r - a scroll of vulnerability
 H - a scroll of blinking
Potions
 e - a potion of enlightenment
 g - a potion of might
 i - 4 potions of curing
 k - a potion of resistance
 q - a potion of haste
 u - a potion of magic
 w - a potion of attraction
 x - 3 potions of ambrosia
Miscellaneous
 E - a phial of floods


   Skills:
 - Level 2.0 Fighting
 - Level 4.0 Armour
 - Level 5.0 Dodging
 - Level 4.0 Stealth
 - Level 9.0 Spellcasting
 - Level 3.0 Conjurations
 - Level 5.0 Hexes
 + Level 2.7 Necromancy
 - Level 3.0 Translocations
 - Level 6.0 Fire Magic
 - Level 3.0 Earth Magic
 - Level 6.0 Evocations
 - Level 10.0 Shapeshifting


You had 8 spell levels left.
You knew the following spells:

 Your Spells              Type           Power      Damage    Failure   Level
a - Foxfire               Conj/Fire      100%       2x1d9     1%          1
b - Scorch                Fire           88%        2d8       1%          2
c - Flame Wave            Conj/Fire      36%        2d10      8%          4
d - Tukima's Dance        Hex            39%        N/A       1%          3
e - Apportation           Tloc           56%        N/A       1%          1
f - Iskenderun's Mystic   Conj/Tloc      28%        2d7       14%         4
g - Borgnjor's Vile Clut  Necr/Erth      13%        N/A       38%         5

Your spell library contained the following spells:

 Spells                   Type           Power      Damage    Failure   Level
 Sandblast                Erth           56%        2d13      1%          1
 Slow                     Hex            100%       N/A       1%          1
 Jinxbite                 Hex            78%        N/A       1%          2
 Confusing Touch          Hex            39%        N/A       1%          3
 Inner Flame              Hex/Fire       41%        N/A       1%          3
 Sigil of Binding         Hex            39%        N/A       1%          3
 Volatile Blastmotes      Fire/Tloc      72%        2d16      2%          3
 Summon Small Mammal      Summ           48%        N/A       4%          1
 Vampiric Draining        Necr           26%        2d7       4%          3
 Dimensional Bullseye     Hex/Tloc       16%        N/A       9%          4
 Call Canine Familiar     Summ           12%        N/A       14%         3
 Summon Blazeheart Golem  Fire/Summ      28%        N/A       14%         4
 Alistair's Intoxication  Alch           8%         N/A       78%         5
 Eringya's Noxious Bog    Alch           6%         4d6       100%        6


Dungeon Overview and Level Annotations

Branches:
Dungeon (10/15)            Temple (1/1) D:5            Lair (0/5) D:8
    Orc: D:9-12

Altars:
Ashenzari
Cheibriados
Dithmenos
Elyvilon
Fedhas
Gozag
Hepliaklqana
Kikubaaqudgha
Makhleb
Nemelex Xobeh
Qazlal
Ru
Sif Muna
Trog
Uskayaw
Vehumet
Wu Jian
Xom
Yredelemnul
Zin
The Shining One

Shops:
D:1 !   D:5 *   D:6 !!

Annotations:
D:3 Terence
D:9 1 runed translucent door, hawla's ghost, journeyman DEFE
D:10 exclusion: 2 oklob plants


Message History

The oklob plant is moderately damaged.
The oklob plant's fire resistance burns away.
The oklob plant spits acid at you. The splash of acid hits you! You resist.
* * * LOW HITPOINT WARNING * * *
The acid corrodes you! The golden eye blinks at you.
You are confused.
You feel better.
Okay, then.
Casting: Scorch (safe; 1% risk of failure)
Confirm with . or Enter, or press ? or * to list all spells.
Casting: Flame Wave (dangerous; 8% risk of failure)
Press: ? - help, Dir - look around, f - activate A wave of flame ripples out!
The flame wave engulfs the oklob plant!
The oklob plant is burned terribly!
The oklob plant is heavily damaged.
The flame wave engulfs the plant!
The plant is lightly damaged. (Press . to intensify the flame waves.)
A nearby plant withers and dies. x3; The golden eye blinks!
A wave of flame ripples out!
The flame wave engulfs the oklob plant but does no damage.
The oklob plant is heavily damaged.
The flame wave engulfs the plant!!
The plant is lightly damaged.
The oklob plant is no longer more vulnerable to fire.
A nearby plant withers and dies.
The golden eye blinks at you.
You are confused.
The oklob plant spits acid at you. The splash of acid hits you! You resist.
* * * LOW HITPOINT WARNING * * *
The golden eye blinks at you. You resist with almost no effort.
Unknown command.
You fade into invisibility!
The oklob plant spits acid at you. The splash of acid hits you! You resist.
You die...

#..# #..#.....###....
#..+............
#####..#............
#......#............
#......##...........
#.......?...........
#..............G....
#......?=...WP.PP...
+.............>P.PPP
#.............!.[|(P
#####............PPP..PP
..................PPPPP.
...................PPP..
######..................
# #.................. #
#.........


You could see 2 oklob plants and a golden eye.

Vanquished Creatures
  Harold (D:9)
  Erolcha (D:10)
  A two-headed ogre (D:10)
  3 elephants (D:8)
  A kobold demonologist (D:10)
  Psyche (D:10)
  A wraith (D:7)
  2 wyverns
  3 steam dragons (D:8)
  Menkaure (D:6)
  A water moccasin (D:7)
  2 black bears
  An orc warrior (D:9)
  An ice beast (D:5)
  A sky beast (D:7)
  2 ogres
  A centaur (D:9)
  2 kobold brigands
  4 phantoms
  A bullfrog (D:9)
  6 scorpions
  6 wights
  12 killer bees
  2 howler monkeys
  3 jellies
  4 hounds
  4 orc priests
  2 bombardier beetles (D:3)
  A sleepcap (D:6)
  3 iguanas
  3 orc wizards
  9 adders
  2 white imps
  6 ufetubi
  4 ribbon worms
  4 dart slugs
  24 orcs
  6 bats
  4 endoplasms
  2 giant cockroaches
  5 goblins
  7 hobgoblins
  2 jackals (D:1)
  13 kobolds
  3 quokkas
  8 ball pythons
  2 frilled lizards (D:2)
  7 rats
185 creatures vanquished.

Vanquished Creatures (collateral kills)
  Jeremiah (D:9)
  A foxfire (D:5)
2 creatures vanquished.

Vanquished Creatures (others)
  401 foxfires
401 creatures vanquished.

Grand Total: 588 creatures vanquished

Notes
Turn   | Place    | Note
-------+----------+-------------------------------------------
     0 | D:1      | hawla the Deep Elf Fire Elementalist began the quest for
                  | the Orb.
     0 | D:1      | Reached XP level 1. HP: 10/10 MP: 6/6
    69 | D:1      | Reached skill level 1 in Fighting
   141 | D:1      | Reached XP level 2. HP: 8/16 MP: 2/8
   362 | D:1      | Found Koavoami's Distillery.
   384 | D:1      | Bought a potion of curing for 33 gold pieces
   388 | D:1      | Found a faded altar of an unknown god.
   884 | D:1      | Learned a level 2 spell: Scorch
  1193 | D:2      | Reached XP level 3. HP: 18/21 MP: 5/9
  2112 | D:3      | Reached XP level 4. HP: 23/26 MP: 3/10
  2117 | D:3      | Learned a level 4 spell: Flame Wave
  2390 | D:3      | Reached skill level 1 in Armour
  2430 | D:3      | Reached XP level 5. HP: 30/30 MP: 0/11
  2524 | D:3      | Noticed Terence
  3199 | D:4      | HP: 1/30 [hound (5)]
  3377 | D:4      | Found a burning altar of Makhleb.
  3382 | D:4      | Reached XP level 6. HP: 29/35 MP: 3/12
  3673 | D:5      | Entered Level 5 of the Dungeon
  3880 | D:4      | Reached XP level 7. HP: 40/40 MP: 0/13
  4062 | D:4      | Found an opulent altar of Gozag.
  4437 | D:5      | Reached skill level 5 in Dodging
  4527 | D:5      | Reached skill level 5 in Fire Magic
  4611 | D:5      | Found a stormy altar of Qazlal.
  4788 | D:5      | Learned a level 3 spell: Tukima's Dance
  4946 | D:5      | Reached XP level 8. HP: 39/44 MP: 5/16
  5030 | D:5      | Reached skill level 5 in Spellcasting
  5232 | D:5      | Found a staircase to the Ecumenical Temple.
  5248 | Temple   | Entered the Ecumenical Temple
  5263 | Temple   | Became a worshipper of Vehumet
  5457 | D:5      | Found Otoczixu's Elemental Accessories.
  5642 | D:5      | Found a shimmering blue altar of Sif Muna.
  5685 | D:6      | Found Xaseteeb's Distillery.
  5770 | D:6      | HP: 1/44 [ogre/+0 giant club (26)]
  6039 | D:6      | Found a blossoming altar of Fedhas.
  6112 | D:6      | Found Luewaku's Distillery.
  6274 | D:6      | Noticed Menkaure
  6280 | D:6      | Killed Menkaure
  6795 | D:7      | You fall into a shaft and drop 2 floors!
  6797 | D:9      | Found a runed translucent door.
  6797 | D:9      | Noticed hawla's ghost (journeyman DEFE)
  6797 | D:9      | Noticed a centaur warrior
  6806 | D:9      | Noticed Jeremiah
  6815 | D:9      | Killed Jeremiah
  6897 | D:9      | Reached XP level 9. HP: 43/48 MP: 16/24
  7016 | D:9      | Found an ancient bone altar of Kikubaaqudgha.
  7025 | D:9      | Reached skill level 5 in Hexes
  7117 | D:8      | Reached skill level 1 in Evocations
  7256 | D:8      | Reached skill level 5 in Evocations
  7279 | D:8      | Reached * piety under Vehumet
  7279 | D:8      | Offered knowledge of Sandblast by Vehumet.
  7325 | D:8      | Identified a scroll of acquirement
  7325 | D:8      | Acquired the ring "Wupor" {EV+5 Int+2}
  7449 | D:7      | Found a snail-covered altar of Cheibriados.
  7473 | D:7      | Reached skill level 2 in Shapeshifting
  7549 | D:7      | Reached skill level 3 in Shapeshifting
  7703 | D:7      | Reached skill level 4 in Shapeshifting
  8079 | D:8      | Noticed an elephant
  8092 | D:8      | Killed an elephant
  8093 | D:8      | Reached skill level 5 in Shapeshifting
  8095 | D:8      | Learned a level 1 spell: Apportation
  8106 | D:8      | Noticed an elephant
  8120 | D:8      | HP: 2/72 [elephant (10)]
  8135 | D:8      | Noticed an elephant
  8143 | D:8      | Killed an elephant
  8144 | D:8      | Reached skill level 6 in Shapeshifting
  8144 | D:8      | Reached XP level 10. HP: 17/53 MP: 7/25
  8617 | D:8      | Reached skill level 7 in Shapeshifting
  8659 | D:8      | HP: 2/53 [elephant (5)]
  9000 | D:8      | Found a staircase to the Lair.
  9035 | D:8      | Killed an elephant
  9614 | D:9      | Reached skill level 8 in Shapeshifting
  9718 | D:9      | Noticed Harold
  9727 | D:9      | Killed Harold
  9828 | D:9      | Reached skill level 9 in Shapeshifting
 10111 | D:9      | Found a hazy altar of Hepliaklqana.
 10492 | D:5      | Bought a staff of fire for 350 gold pieces
 10636 | D:10     | Entered Level 10 of the Dungeon
 10642 | D:10     | Noticed Psyche
 10645 | D:10     | Noticed a boulder beetle
 10647 | D:10     | Killed Psyche
 10790 | D:10     | Found a glowing golden altar of the Shining One.
 10803 | D:10     | Learned a level 4 spell: Iskenderun's Mystic Blast
 10872 | D:10     | Learned a level 5 spell: Borgnjor's Vile Clutch
 10968 | D:10     | Noticed Erolcha
 10980 | D:10     | Killed Erolcha
 10981 | D:10     | Reached skill level 10 in Shapeshifting
 11157 | D:10     | Found a sacrificial altar of Ru.
 11158 | D:10     | Noticed a two-headed ogre
 11168 | D:10     | Killed a two-headed ogre
 11169 | D:10     | Reached skill level 1 in Necromancy
 11170 | D:10     | Noticed an orange demon
 11172 | D:10     | Reached XP level 11. HP: 19/57 MP: 11/26
 11328 | D:10     | Noticed an oklob plant
 11338 | D:10     | Noticed an oklob plant
 11348 | D:10     | Killed from afar by an oklob plant

Illustrated notes

Levels and vault maps discovered:
D:1:      pf_arrival_petrified_forest, layout_basic, serial_shops, shop,
          basic_ecumenical_altar, minmay_box_of_dots
D:2:      layout_basic
D:3:      layout_basic, minmay_surrounded, uniq_terence
D:4:      layout_cave_pools, makhleb_blood_cavern_becter, old_standard_altar
D:5:      minmay_recursive_quarters, layout_gridville, lemuel_blue_sif_altar,
          nicolae_qazlal_eye_of_the_storm, minmay_temple_entry_overgrown,
          palyth_stone_intersect, nicolae_elemental_shop
D:6:      layout_gridville, fedhas_altar_3, serial_shops, shop, serial_glass,
          glass_columns_b, glass_columns_a, glass_columns_a, glass_columns_b,
          glass_columns_a, glass_columns_b, glass_columns_a, glass_columns_b,
          nicolae_stop_n_shop_2, uniq_menkaure
D:7:      layout_layer_cave, slow_altar_1
D:8:      layout_basic, grunt_lair_entry_orc_guard_hut
D:9:      layout_basic, mainiacjoe_overflow_24_doors,
          mainiacjoe_overflow_boulevard, ebering_ghost_inner_flame,
          minmay_misc_feat_tower, blue_anna_alchemist, nrook_uturn,
          uniq_jeremiah, uniq_harold
D:10:     layout_irregular_city, overflow_temple_1_default,
          kennysheep_okawaru_gauntlet, kennysheep_little_box, orc_0_dummy,
          disabler_island, uniq_psyche, uniq_erolcha
Temple:   jpeg_temple_clearing

Skill      XL: |  1  2  3  4  5  6  7  8  9 10 |
---------------+-------------------------------+-----
Fighting       | 1 2 |  2.0
Conjurations   | 3 |  3.0
Stealth        | 4 |  4.0
Armour         | 1 3 4 |  4.0
Dodging        | 4 5 |  5.0
Fire Magic     | 6 |  6.0
Spellcasting   | 4 9 |  9.0
Hexes          | 4 5 |  5.0
Evocations     | 6 |  6.0
Shapeshifting  | 6 10 | 10.0
Translocations | 3 |  3.0
Earth Magic    | 3 |  3.0
Necromancy     | 2 |  2.7

Action                     |  1- 3 |  4- 6 |  7- 9 | 10-12 || total
---------------------------+-------+-------+-------+-------++-------
  Melee: Unarmed           |    13 |    19 |    10 |       ||    42
         Club              |       |     4 |       |       ||     4
         Dagger            |       |       |    33 |       ||    33
         Punch             |       |       |     1 |       ||     1
         Quarterstaff      |       |       |    19 |    30 ||    49
         Maw               |       |       |       |     3 ||     3
   Cast: Foxfire           |    60 |    63 |    78 |    35 ||   236
         Scorch            |     4 |    20 |    40 |    34 ||    98
         Flame Wave        |       |     2 |    15 |    10 ||    27
         Tukima's Dance    |       |       |     1 |       ||     1
         Apportation       |       |       |     3 |       ||     3
         Iskenderun's Myst |       |       |       |     1 ||     1
  Evoke: Wand              |       |       |       |     6 ||     6
    Use: Scroll            |     3 |     3 |    11 |     3 ||    20
         Potion            |       |     9 |     6 |     2 ||    17
   Stab: Sleeping          |       |       |     3 |       ||     3
         Paralysed         |       |       |       |    13 ||    13
 Armour: Robe              |    20 |    53 |    68 |    19 ||   160
         Skin              |       |       |    43 |    10 ||    53
         Steam dragon scal |       |       |       |     6 ||     6
  Dodge: Dodged            |    21 |    57 |   106 |    44 ||   228
  Block: Other             |       |       |    20 |    14 ||    34
         Reflection        |       |       |     1 |       ||     1
   Form: Maw               |       |       |       |     1 ||     1
